 Dungeon Crawl Stone Soup version 0.30.1-3-gfc49f6343a (webtiles) character file.

Game seed: 10097310865574691867

84 Pepete the Firebug (level 4, -2/24 HPs)
             Began as a Tengu Fire Elementalist on July 25, 2023.
             Slain by a goblin
             ... wielding a +0 club
             ... led by Robin
              (5 damage)
             ... on level 3 of the Dungeon.
             The game lasted 00:02:43 (5108 turns).

Pepete the Firebug (Tengu Fire Elementalist)        Turns: 5108, Time: 00:02:44

Health: -2/24      AC:  2    Str:  8    XL:     4   Next: 46%
Magic:  6/9        EV: 12    Int: 18    God:
Gold:   78         SH:  0    Dex: 14    Spells: 5/8 levels left

rFire   . . .        l - +4 dagger (vamp)
rCold   . . .        (no shield)
rNeg    . . .        a - +0 robe
rPois   .            (helmet restricted)
rElec   .            (no cloak)
rCorr   .            (no gloves)
SInv    .            (boots unavailable)
Will    .....        (no amulet)
Stlth   ++           (no ring)
HPRegen 0.24/turn    (no ring)
MPRegen 0.11/turn

%: no passive effects
@: no status effects
A: beak, talons 3
a: no special abilities


You were on level 3 of the Dungeon.
You visited 1 branch of the dungeon, and saw 3 of its levels.

You collected 78 gold pieces.

Inventory:

Hand Weapons
 l - a +4 vampiric dagger (weapon)
Armour
 a - a +0 robe (worn)
Scrolls
 c - 2 scrolls of torment
 d - a scroll of magic mapping {unknown}
 e - a scroll of enchant armour {unknown}
 f - a scroll of acquirement {unknown}
 g - a scroll of identify {unknown}
 h - a scroll of immolation {unknown}
 i - 2 scrolls of teleportation
 j - a scroll of fear
Potions
 k - a potion of might {unknown}


   Skills:
 - Level 2.1 Dodging
 - Level 2.0 Stealth
 + Level 2.9 Spellcasting
 + Level 3.3 Conjurations
 + Level 4.2 Fire Magic


You had 5 spell levels left.
You knew the following spells:

 Your Spells              Type           Power      Damage    Failure   Level
a - Foxfire               Conj/Fire      64%        2x1d7     3%          1
b - Scorch                Fire           34%        2d6       4%          2

Your spell library contained the following spells:

 Spells                   Type           Power      Damage    Failure   Level
 Inner Flame              Hex/Fire       10%        N/A       21%         3
 Volatile Blastmotes      Fire/Tloc      20%        2d11      21%         3
 Flame Wave               Conj/Fire      16%        2d7       34%         4
 Vhi's Electric Charge    Tloc/Air       4%         N/A       45%         3
 Arcjolt                  Conj/Air       4%         1d14      93%         5
 Plasma Beam              Fire/Air       5%         2x1d17    100%        6


Dungeon Overview and Level Annotations

Branches:
Dungeon (3/15)

Altars:

Annotations:
D:3 Robin


Innate Abilities, Weirdness & Mutations

You have a beak for a mouth.
You have claws for feet.


Message History

The goblin shouts! x3
An endoplasm comes into view.
A goblin comes into view. It is wielding a +0 dagger.
The endoplasm quivers.
Things that are here:
a +0 club; a goblin corpse Your foxfire dissipates!
Robin attacks as you move away! Robin hits you with a +0 club.
Robin roars a battlecry!
The goblins go into a battle-frenzy!
The goblin shouts!
A goblin comes into view. It is wielding a +0 club.
Robin roars a battlecry!
Robin throws the goblin at you! The goblin closely misses you.
You hit the goblin.
You feel better.
Your kick misses the goblin. You peck the goblin.
You kill the goblin!
A goblin comes into view. It is wielding a +0 club.
The goblin hits you with a +0 dagger.
You hit the goblin. Your kick misses the goblin.
The goblin is severely wounded.
The goblin hits you with a +0 dagger. Robin throws the goblin at you!
You barely miss the goblin. You claw the goblin.
The goblin is almost dead.
The goblin hits you with a +0 dagger. The goblin hits you with a +0 club.
Robin throws the goblin at you!
You barely miss the goblin.
The goblin is almost dead.
The goblin misses you. The goblin hits you with a +0 club.
* * * LOW HITPOINT WARNING * * *
The goblin hits you with a +0 dagger.
* * * LOW HITPOINT WARNING * * *
Casting: Foxfire (safe; 3% risk of failure)
Confirm with . or Enter, or press ? or * to list all spells.
Flames lash Robin.
Robin is lightly wounded.
Robin's fire resistance burns away.
The goblin hits you with a +0 dagger.
* * * LOW HITPOINT WARNING * * *
The goblin hits you with a +0 club.
You die... # . ## .#. #. .g...#.####### #g)ggg.ggg#

.g...#.####@##
##. #. #.# ..
#.# .#. #.#
#.#. #.# # #.
... #. ###


You could see Robin (combustible) and 6 goblins.

Vanquished Creatures
  Jessica (D:3)
  An adder (D:2)
  A dart slug (D:1)
  An endoplasm (D:1)
  2 giant cockroaches
  5 goblins
  2 hobgoblins
  12 jackals
  A quokka (D:3)
  4 ball pythons
  5 bats
  3 kobolds
  4 rats
42 creatures vanquished.

Vanquished Creatures (others)
  189 foxfires
189 creatures vanquished.

Grand Total: 231 creatures vanquished

Notes
Turn   | Place    | Note
-------+----------+-------------------------------------------
     0 | D:1      | Pepete the Tengu Fire Elementalist began the quest for the
                  | Orb.
     0 | D:1      | Reached XP level 1. HP: 10/10 MP: 4/4
    53 | D:1      | Reached XP level 2. HP: 12/15 MP: 0/6
  1650 | D:1      | Found a faded altar of an unknown god.
  2542 | D:2      | Reached XP level 3. HP: 19/19 MP: 4/7
  4226 | D:2      | Learned a level 2 spell: Scorch
  4303 | D:2      | Reached skill level 4 in Fire Magic
  4752 | D:3      | Noticed Jessica
  4761 | D:3      | Killed Jessica
  4762 | D:3      | Reached XP level 4. HP: 24/24 MP: 1/9
  5092 | D:3      | Noticed Robin
  5108 | D:3      | Slain by a goblin

Illustrated notes

Levels and vault maps discovered:
D:1:      mrwooster_arrival_arrow, layout_basic,
          hellmonk_ecumenical_altar_dog_temple
D:2:      layout_rooms
D:3:      minmay_angry_zag, layout_basic, minmay_checkerbox, uniq_jessica,
          uniq_robin

Skill      XL: |  1  2  3 |
---------------+----------+-----
Conjurations   | 2 3 |  3.3
Fire Magic     | 4 |  4.2
Dodging        | |  2.1
Stealth        | |  2.0
Spellcasting   | |  2.9

Action                     |  1- 3 |  4- 6 || total
---------------------------+-------+-------++-------
  Melee: Unarmed           |     7 |       ||     7
         Kick              |     2 |     1 ||     3
         Whip              |     1 |       ||     1
         Dagger            |       |     5 ||     5
         Peck              |       |     1 ||     1
   Cast: Foxfire           |   113 |     3 ||   116
         Scorch            |       |     1 ||     1
    Use: Potion            |     3 |       ||     3
         Scroll            |       |     3 ||     3
 Armour: Robe              |    12 |       ||    12
  Dodge: Dodged            |    43 |     2 ||    45
